 Dungeon Crawl Stone Soup version 0.20.0-1-g1cb1d84 (webtiles) character file.

100 torrenera the Slasher (level 4, -1/36 HPs)
             Began as a Demigod Gladiator on May 26, 2017.
             Slain by an orc
             ... wielding a +1 hand axe of chopping
              (2 damage)
             ... on level 3 of the Dungeon.
             The game lasted 00:04:35 (1693 turns).

torrenera the Slasher (Demigod Gladiator)           Turns: 1693, Time: 00:04:35

Health: -1/36      AC:  4    Str: 17    XL:     4   Next: 23%
Magic:  6/6        EV: 13    Int: 19    God:
Gold:   60         SH:  0    Dex: 17    Spells: 3/3 levels left

rFire    . . .     SeeInvis .   q - +2 short sword (freeze)
rCold    . . .     Gourm    .   (no shield)
rNeg     . . .     Faith    .   b - +0 leather armour
rPois    .         Spirit   .   c - +0 helmet
rElec    .         Reflect  .   r - scarf {repulsion}
rCorr    .         Harm     .   (no gloves)
MR       .....                  (no boots)
Stlth    +.........             (no amulet)
Regen    0.2/turn               (no ring)
MPRegen  0.1/turn               (no ring)

@: brilliant, lethally poisoned (-1 -> -9), hasted, repel missiles, very quick
A: high mp 1
a: no special abilities


You were on level 3 of the Dungeon.
You were not hungry.

You visited 1 branch of the dungeon, and saw 3 of its levels.

You collected 60 gold pieces.

Inventory:

Hand Weapons
 a - a +0 long sword
 q - a +2 short sword of freezing (weapon)
Missiles
 d - 3 throwing nets (quivered)
 g - 27 sling bullets
 k - 62 stones
 s - 7 needles of sleeping
Armour
 b - a +0 leather armour (worn)
 c - a +0 helmet (worn)
 r - a scarf of repulsion (worn)
Scrolls
 h - a scroll of identify {unknown}
 i - 2 scrolls of teleportation {unknown}
 n - 2 scrolls of remove curse {unknown}
Potions
 p - a potion of berserk rage {unknown}
Comestibles
 f - 3 bread rations
 j - 2 royal jellies
 o - 6 chunks of flesh


   Skills:
 - Level 1.7 Fighting
 + Level 4.8 Long Blades
 - Level 1.7 Throwing
 - Level 2.6 Dodging


You had 3 spell levels left.
You didn't know any spells.

Dungeon Overview and Level Annotations

Branches:
Dungeon (3/15)


Innate Abilities, Weirdness & Mutations

You have an increased reservoir of magic. (+10% MP)


Message History

You hit the worker ant but do no damage.
The worker ant is severely wounded.
You feel sick. The worker ant bites you.
You hit the worker ant. You freeze the worker ant.
You kill the worker ant!
You have reached level 4!
* * * LOW HITPOINT WARNING * * *
You feel sick.
It was a potion of haste.
You feel yourself speed up.
* * * LOW HITPOINT WARNING * * *
You feel sick. The orc barely misses you.
Some of the chunks of flesh in your inventory have rotted away.
It was a potion of brilliance.
You feel clever all of a sudden.
* * * LOW HITPOINT WARNING * * *
You feel sick.
It was a potion of magic.
Magic courses through your body.
The orc hits you with a hand axe of chopping!
* * * LOW HITPOINT WARNING * * *
You die...

###### ##....######
.##..........##
..............#
..............#########
...............o@.....#
.............<#######.#
.....###....).......#
### #.####.....#.#
#.#........#.#.
..#.##.........
...#........#.#.
....#........#.#
#....#...%....# #


You could see an orc.

Vanquished Creatures
  A worker ant (D:3)
  An adder (D:2)
  An ooze (D:2)
  A worm (D:2)
  2 dart slugs (D:1)
  3 leopard geckos
  12 bats
  2 giant cockroaches (D:1)
  A goblin (D:1)
  7 hobgoblins
  6 jackals
  5 kobolds
  A quokka (D:2)
  A ball python (D:2)
  5 frilled lizards
  4 rats
53 creatures vanquished.

Notes
Turn   | Place    | Note
-------+----------+-------------------------------------------
     0 | D:1      | torrenera the Demigod Gladiator began the quest for the Orb.
     0 | D:1      | Reached XP level 1. HP: 17/17 MP: 3/3
    40 | D:1      | Reached skill level 3 in Long Blades
   421 | D:1      | Reached XP level 2. HP: 24/24 MP: 4/4
   919 | D:1      | Reached XP level 3. HP: 29/29 MP: 5/5
   977 | D:2      | Reached skill level 4 in Long Blades
  1690 | D:3      | Reached XP level 4. HP: 11/36 MP: 6/6
  1693 | D:3      | HP: 1/36 [orc/hand axe of chopping (7)]
  1693 | D:3      | Slain by an orc

Skill      XL: |  1  2  3 |
---------------+----------+-----
Long Blades    | 3 4 |  4.8
Fighting       | |  1.7
Throwing       | |  1.7
Dodging        | |  2.6

Action                   |  1- 3 |  4- 6 || total
-------------------------+-------+-------++-------
Melee: Long sword        |   111 |       ||   111
       Short sword       |    26 |       ||    26
  Use: Potion            |       |     3 ||     3
 Stab: Sleeping          |     2 |       ||     2
  Eat: Chunk             |     3 |       ||     3
Armor: Leather armour    |    49 |       ||    49
Dodge: Dodged            |   129 |     1 ||   130
       Rpst.: Long sword |    37 |       ||    37
